AoeStats
← GAX | Urubu

Fortress

510124233Analyzed
4v4 RM · 2d ago on Sep 29, 2026· 40m 31s· 8 players
Game mode
Random Map
Map size
Huge
Population
200
Speed
Normal
Resources
Standard
Victory
Conquest
Starting age
Dark Age
Ending age
Imperial Age
RankedLock teamsTeams togetherTeam positionsShared explorationLock speedFull tech treeHidden civsTurbo modeCheats
Victory
Defeat
🇫🇷 Hindustanis · France
1626
+15
🇳🇱 Persians · Netherlands
1588
+17
🇧🇷 Malians · Brazil
1586
+17
🇺🇦 Lithuanians · Ukraine
1558
+17
🇦🇺 Goths · Australia
1647
-18
🇨🇳 Slavs · China
1601
-17
🇮🇳 Berbers · India
1597
-16
🇨🇳 Mongols · China
1560
-15
安心发展
6:48 Feudal Age
10:21 Castle Age
8:19 Double-Bit Axe
8:32 Horse Collar
18:05 Wheelbarrow
18:07 Bow Saw
19:55 Gold Mining
21:26 Gold Shaft Mining
24:12 Imperial Age
21:23 Pikeman
22:29 Heavy Plow
22:20 Stone Mining
22:34 Detinets
22:22 Loom
22:52 Scale Mail Armor
22:50 Town Watch
23:20 Squires
24:01 Forging
24:07 Chain Mail Armor
24:26 Halberdier
25:24 Hand Cart
26:19 Two-Man Saw
26:50 Conscription
26:38 Onager
28:56 Plate Mail Armor
29:02 Iron Casting
29:07 Siege Engineers
29:23 Ballistics
30:02 Siege Onager
32:26 Blast Furnace
31:16 Fletching
32:29 Capped Ram
35:15 Chemistry
34:26 Masonry
34:12 Bodkin Arrow
34:43 Druzhina
34:32 Siege Ram
36:02 Coinage
35:52 Man-at-Arms
36:23 Long Swordsman
甘城猫猫
7:26 Feudal Age
8:12 Double-Bit Axe
11:10 Castle Age
8:54 Horse Collar
12:27 Bow Saw
13:24 Wheelbarrow
16:07 Stone Mining
18:48 Stone Shaft Mining
19:11 Hand Cart
23:41 Imperial Age
21:08 Fletching
22:30 Bodkin Arrow
23:05 Padded Archer Armor
23:50 Ballistics
23:41 Gold Mining
24:24 Bracer
25:48 Bloodlines
25:38 Husbandry
26:47 Leather Archer Armor
27:13 Elite Mangudai
28:02 Thumb Ring
29:58 Parthian Tactics
31:03 Chemistry
ResonanceFreq
6:38 Feudal Age
7:57 Loom
10:21 Castle Age
9:06 Double-Bit Axe
9:29 Horse Collar
16:08 Wheelbarrow
16:34 Bow Saw
18:02 Heavy Plow
18:07 Gold Mining
20:06 Hand Cart
23:49 Imperial Age
21:35 Loom
21:36 Town Watch
22:12 Scale Mail Armor
22:22 Forging
23:49 Chain Mail Armor
24:38 Iron Casting
24:23 Squires
23:51 Pikeman
25:29 Conscription
26:26 Two-Man Saw
24:50 Capped Ram
25:04 Halberdier
28:16 Perfusion
28:39 Perfusion
29:37 Anarchy
31:40 Blast Furnace
31:18 Elite Huskarl
39:02 Crop Rotation
38:24 Stone Mining
40:38 Coinage
40:08 Caravan
40:19 Guilds
kerwin
7:51 Feudal Age
9:11 Double-Bit Axe
11:40 Castle Age
9:22 Horse Collar
10:15 Loom
11:05 Wheelbarrow
13:44 Bow Saw
14:47 Heavy Plow
20:46 Gold Mining
20:47 Stone Mining
25:13 Imperial Age
23:03 Town Watch
23:34 Hand Cart
23:56 Gold Shaft Mining
23:54 Scale Barding Armor
23:59 Forging
24:50 Kasbah
25:12 Chain Barding Armor
24:55 Padded Archer Armor
25:18 Chain Barding Armor
25:12 Bloodlines
25:03 Husbandry
25:17 Cavalier
26:27 Light Cavalry
28:24 Coinage
27:41 Heavy Camel Rider
29:12 Iron Casting
28:41 Hussar
30:27 Plate Barding Armor
30:34 Banking
31:17 Conscription
Cipiettro_Vicci
7:36 Feudal Age
11:31 Castle Age
9:45 Double-Bit Axe
9:54 Horse Collar
12:27 Bow Saw
12:20 Heavy Plow
14:05 Wheelbarrow
16:17 Loom
17:34 Hand Cart
21:12 Grand Trunk Road
24:09 Imperial Age
21:52 Padded Archer Armor
22:52 Leather Archer Armor
22:33 Town Watch
24:01 Masonry
24:01 Fletching
24:22 Stone Mining
24:22 Gold Mining
26:15 Chemistry
25:48 Ring Archer Armor
25:48 Bodkin Arrow
28:03 Siege Engineers
29:18 Shatagni
31:20 Scale Barding Armor
33:40 Bracer
35:30 Coinage
41:22 Banking
Moonfaller
6:52 Feudal Age
10:47 Castle Age
8:56 Double-Bit Axe
9:05 Horse Collar
11:28 Bow Saw
16:55 Wheelbarrow
16:07 Loom
18:15 Gold Mining
19:55 Hand Cart
19:26 Town Watch
24:52 Imperial Age
23:49 Gold Shaft Mining
23:20 Scale Barding Armor
24:16 Bloodlines
24:06 Husbandry
24:29 Chain Barding Armor
24:00 Stone Mining
24:21 Forging
26:30 Chemistry
26:52 Plate Barding Armor
26:22 Heavy Plow
31:18 Iron Casting
31:26 Guilds
34:49 Conscription
38:03 Fletching
38:46 Thumb Ring
38:02 Elite Skirmisher
38:44 Padded Archer Armor
38:40 Bodkin Arrow
39:06 Ballistics
38:50 Kamandaran
39:02 Thumb Ring
38:19 Crossbowman
40:41 Leather Archer Armor
Karabas
6:47 Feudal Age
10:39 Castle Age
9:02 Double-Bit Axe
9:15 Horse Collar
12:03 Bow Saw
19:32 Gold Mining
20:17 Loom
21:07 Wheelbarrow
20:18 Town Watch
20:42 Stone Mining
25:09 Imperial Age
23:30 Hand Cart
23:17 Padded Archer Armor
23:34 Heavy Plow
24:36 Leather Archer Armor
26:53 Chemistry
26:24 Conscription
26:39 Ring Archer Armor
27:08 Fortified Wall
27:10 Fletching
30:09 Capped Ram
35:19 Bodkin Arrow
41:16 Sanctity
GAX | Urubu
7:28 Feudal Age
8:17 Loom
11:12 Castle Age
9:03 Double-Bit Axe
9:30 Horse Collar
19:41 Bow Saw
19:32 Heavy Plow
19:23 Gold Mining
20:13 Wheelbarrow
20:38 Scale Mail Armor
21:00 Town Watch
21:09 Stone Mining
22:54 Gold Shaft Mining
25:36 Imperial Age
24:16 Bloodlines
24:06 Husbandry
24:16 Scale Barding Armor
25:06 Forging
25:53 Chain Barding Armor
26:08 Hand Cart
25:39 Heavy Camel Rider
27:38 Conscription
28:38 Chemistry
27:58 Ballistics
29:08 Iron Casting
29:14 Plate Barding Armor
30:29 Tigui
33:11 Elite Gbeto
34:08 Chain Mail Armor
34:29 Iron Casting
34:56 Farimba
38:21 Plate Mail Armor
Connection lost

Rejoining the realm…

Still unreachable

The connection could not be restored.

Session expired

The server has moved on; the page needs a fresh start.